 Dungeon Crawl Stone Soup version 0.20-a0-540-ge6d1839 (webtiles) character file.

47 Alarkh the Chopper (level 3, -2/29 HPs)
             Began as a Demonspawn Monk on Jan 29, 2017.
             Slain by Robin
             ... wielding a +0 spear
              (4 damage)
             ... on level 2 of the Dungeon.
             The game lasted 00:00:54 (945 turns).

Alarkh the Chopper (Demonspawn Monk)                 Turns: 945, Time: 00:00:54

Health: -2/29      AC:  2    Str: 11    XL:     3   Next: 48%
Magic:  3/3        EV: 13    Int: 12    God:
Gold:   73         SH:  0    Dex: 15    Spells: 2/2 levels left

rFire    . . .     SeeInvis .   a - +0 hand axe
rCold    . . .     Gourm    .   b - +0 robe
rNeg     . . .     Faith    .   (no shield)
rPois    .         Spirit   .   (helmet restricted)
rElec    .         Reflect  .   (no cloak)
rCorr    .         Harm     .   (no gloves)
MR       .....                  (no boots)
Stlth    +++.......             (no amulet)
Regen    0.1/turn               (no ring)
                                (no ring)

@: about to teleport
A: horns 1, nightstalker 1
a: no special abilities


You were on level 2 of the Dungeon.
You were not hungry.

You visited 1 branch of the dungeon, and saw 2 of its levels.

You collected 73 gold pieces.

Inventory:

Hand Weapons
 a - a +0 hand axe (weapon)
Armour
 b - a +0 robe (worn)
Scrolls
 e - 3 scrolls of identify {unknown}
 j - a scroll of fog {unknown}
 k - a scroll of fear {unknown}
 m - a scroll of recharging {unknown}
 p - a scroll of enchant armour {unknown}
Potions
 g - a potion of magic {unknown}
 i - a potion of mutation {unknown}
 l - a potion of agility {unknown}
 n - a potion of brilliance {unknown}
 o - a potion of degeneration {unknown}
Comestibles
 c - a bread ration
 d - 4 chunks of flesh
 f - a meat ration


   Skills:
 - Level 3.0 Fighting
 + Level 4.1 Axes
 - Level 2.6 Dodging
 - Level 1.7 Stealth


You had 2 spell levels left.
You didn't know any spells.

Dungeon Overview and Level Annotations

Branches:
Dungeon (2/15)

Altars:

Annotations:
D:2 Robin


Innate Abilities, Weirdness & Mutations

You have a pair of small horns on your head.
You are slightly more attuned to the shadows.


Message History

Robin hits you from afar with a spear. The hobgoblin hits you.
The goblin hits you but does no damage.
A goblin opens the door.
The goblin hits you.
* * * LOW HITPOINT WARNING * * *
You see here a goblin corpse.
Robin throws the goblin at you! The goblin barely misses you.
The hobgoblin closely misses you.
You barely miss the goblin. You headbutt the goblin.
The goblin is heavily wounded.
You closely miss the hobgoblin. You barely miss the hobgoblin.
The hobgoblin hits you but does no damage.
Robin laughs in a distinctly smug fashion.
The goblin hits you.
* * * LOW HITPOINT WARNING * * *
The hobgoblin hits you.
* * * LOW HITPOINT WARNING * * *
As you read the scroll labeled OXEIFO YLUIQYC, it crumbles to dust.
You feel strangely unstable.
It was a scroll of teleportation.
Robin hits you from afar with a spear.
You die...

..# ##..# #..........
#...## #..........
#....# #..........
##..### #.......... #
##...# #.......... #
##....# # #..))...... #
#....## #. #gg).).....
# ##.....#
#>##@.g.)..... #
#....### #..gg##'######
###...#########.....#
.........[..........###
<....####.............#
)....# #.............#
.###.# #.....รท..(....#
.# #.# #......(......#
.. ..# #)............#


You could see Robin, 2 hobgoblins and 2 goblins.

Vanquished Creatures
  An ooze (D:1)
  A dart slug (D:1)
  2 leopard geckos (D:2)
  6 bats
  2 giant cockroaches
  6 goblins
  6 hobgoblins
  6 kobolds
  3 rats (D:1)
33 creatures vanquished.

Notes
Turn   | Place    | Note
-------+----------+-------------------------------------------
     0 | D:1      | Alarkh the Demonspawn Monk began the quest for the Orb.
     0 | D:1      | Reached XP level 1. HP: 18/18 MP: 1/1
    40 | D:1      | Reached skill level 3 in Axes
   114 | D:1      | Gained mutation: You are slightly more attuned to the shadows. [demonic ancestry]
   114 | D:1      | Reached XP level 2. HP: 16/24 MP: 2/2
   814 | D:2      | Gained mutation: You have a pair of small horns on your head. [demonic ancestry]
   814 | D:2      | Reached XP level 3. HP: 29/29 MP: 3/3
   931 | D:2      | Noticed Robin
   936 | D:2      | Reached skill level 4 in Axes
   945 | D:2      | Slain by Robin

Vault maps used:
D:1:      evilmike_arrival_sounds_zot
D:2:      zin_purify, nicolae_tso_carved_into_rock, first_bread, uniq_robin

Skill      XL: |  1  2  3 |
---------------+----------+-----
Axes           | 3 4 |  4.1
Fighting       | |  3.0
Dodging        | |  2.6
Stealth        | |  1.7

Action                   || total
-------------------------++-------
Melee: Hand axe          ||    89
       Headbutt          ||     3
  Use: Scroll            ||     1
 Stab: Sleeping          ||     7
Armor: Robe              ||    21
Dodge: Dodged            ||    96
